AoeStats
← Ganoso

Arabia

509925018Analyzed
1v1 RM · 2d ago on Sep 28, 2026· 78m 36s· 2 players
Game mode
Random Map
Map size
Tiny (2 player)
Population
200
Speed
Normal
Resources
Standard
Victory
Conquest
Starting age
Dark Age
Ending age
Imperial Age
RankedLock teamsTeams togetherTeam positionsShared explorationLock speedFull tech treeHidden civsTurbo modeCheats
Victory
Defeat
🇨🇭 Vietnamese · Switzerland
1023
+15
🇳🇱 Lithuanians · Netherlands
996
-15
N-Hul
9:06 Feudal Age
10:39 Loom
15:25 Castle Age
13:55 Double-Bit Axe
15:56 Bloodlines
17:01 Scale Barding Armor
18:42 Forging
23:51 Bow Saw
27:24 Wheelbarrow
26:43 Gold Mining
28:33 Husbandry
29:11 Chain Barding Armor
30:28 Hand Cart
37:20 Elite Skirmisher
38:50 Padded Archer Armor
38:42 Fletching
39:07 Horse Collar
43:39 Imperial Age
43:55 Cavalier
45:12 Plate Barding Armor
45:12 Iron Casting
51:15 Paladin
69:58 Light Cavalry
72:12 Winged Hussar
Ganoso
6:25 Loom
9:33 Feudal Age
10:10 Double-Bit Axe
13:37 Fletching
23:03 Castle Age
22:05 Horse Collar
22:17 Gold Mining
22:51 Forging
23:08 Scale Mail Armor
23:50 Bodkin Arrow
24:33 Bow Saw
24:46 Crossbowman
26:11 Squires
28:38 Wheelbarrow
29:27 Ballistics
31:44 Murder Holes
32:00 Masonry
33:33 Iron Casting
34:26 Thumb Ring
35:40 Chain Mail Armor
40:34 Imperial Age
39:05 Hand Cart
38:35 Town Watch
40:24 Arson
40:48 Scale Barding Armor
42:04 Hoardings
41:49 Paper Money
42:48 Arbalester
43:43 Bracer
45:22 Chemistry
44:28 Siege Engineers
44:04 Treadmill Crane
48:51 Plate Mail Armor
48:31 Town Patrol
50:00 Two-Man Saw
50:34 Elite Fire Lancer
52:09 Heavy Plow
52:08 Guard Tower
54:11 Chain Barding Armor
55:39 Elite Skirmisher
61:59 Pikeman
72:32 Bloodlines
72:22 Husbandry
71:43 Light Cavalry
Connection lost

Rejoining the realm…

Still unreachable

The connection could not be restored.

Session expired

The server has moved on; the page needs a fresh start.